[Event "FIN-ch Seniors 2019"]
[Site "Helsinki"]
[Date "2019.06.12"]
[Round "1.2"]
[White "Kivipelto, Kaj"]
[Black "Lyly, Seppo"]
[Result "1-0"]
[ECO "A01"]
[WhiteElo "2130"]
[BlackElo "1907"]
[Annotator "NA"]
[PlyCount "103"]
[EventDate "2019.06.10"]
[EventType "swiss"]
[EventCountry "FIN"]
[SourceTitle "playchess.com"]
[Source "ChessBase"]
[SourceQuality "1"]
[TimeControl "40/5400+30:1800+30"]

1. b3 e5 2. Bb2 d6 3. c4 Nf6 4. g3 Be7 5. Bg2 O-O 6. d3 c6 7. Nd2 Na6 8.
Ngf3 h6 9. O-O Bf5 10. a3 Bh7 11. b4 e4 12. dxe4 Nxe4 13. Nd4 d5 14. cxd5 cxd5 15. N2f3 Nc7 16. Qb3 Qd6 17. Rfd1 Rac8 18. Bh3 f5 19. e3 Ng5 20. Nxg5 hxg5 21. Rac1 Bg6 22. Rc5 Qd8 23. Rxc7 Qxc7 24. Qxd5+ Bf7 25. Qxf5 Bb3 26. Qg6 Rf6 27. Qxg5 Rd8 28. Rc1 Rc6 29. Rxc6 bxc6 30. Qg6 Bf7 31. Qe4 Bf6 32. Be6 Qe7 33. Bxf7+ Qxf7 34. Qxc6 Qa2 35. Qc1 Qd5 36. Qd1 Rc8 37. h4 Qa2 38. Qd2 Rd8 39. Qc1 Qd5 40. Qd1 Qe4 41. Qc1 Rd5 42. f3 Qg6 43. Kf2 Qe8 44. Ne2 Bxb2 45.
Qxb2 Qd7 46. Qb3 Kh8 47. Nd4 Rd6 48. g4 Rf6 49. Kg2 Qb7 50.
Qc3 Qd5 51. Nf5 Rg6 52. e4 1-0

[Event "FIN-ch Seniors 2019"]
[Site "Helsinki"]
[Date "2019.06.12"]
[Round "1.3"]
[White "Patola, Eero"]
[Black "Hurme, Harri"]
[Result "0-1"]
[ECO "A36"]
[WhiteElo "1853"]
[BlackElo "2122"]
[Annotator "NA"]
[PlyCount "90"]
[EventDate "2019.06.10"]
[EventType "swiss"]
[EventCountry "FIN"]
[SourceTitle "playchess.com"]
[Source "ChessBase"]
[SourceQuality "1"]
[TimeControl "40/5400+30:1800+30"]

1. c4 c5 2. Nc3 Nc6 3. g3 Nf6 4. Bg2 d6 5. d3 e6 6. e4 Be7 7. Nge2 Rb8 8. O-O a6 9. f4 Bd7 10. h3 b5 11. cxb5 axb5 12. b3 O-O 13.
g4 b4 14. Nb1 Nd4 15. g5 Ne8 16. Bb2 e5 17. h4 Bg4 18. Bxd4 cxd4 19. f5 Nc7 20. Bf3 Bxf3 21. Rxf3 f6 22. g6 d5 23. gxh7+ Kh8 24. Ng3 dxe4 25. dxe4 Nb5 26. h5 Qb6 27. Rd3 Nc3 28. Qf3 Rfc8 29. Nd2 Ra8 30. Nc4 Rxc4 31. bxc4 b3 32. h6 gxh6 33. Qg4 Qd8 34. Nh5 Qf8 35. Rg3 b2 36. Re1 b1=Q 37. Rxb1 Nxb1 38. Qd1 Nc3 39. Qd3 Qf7 40. Rg6 Qxh7 41. Qh3 Rg8 42. Qg4 d3 43. Qg2 d2 44. Qxd2 Rxg6+ 45. fxg6 Qxg6+ 0-1

[Event "FIN-ch Seniors 2019"]
[Site "Helsinki"]
[Date "2019.06.12"]
[Round "1.4"]
[White "Aakio, Seppo"]
[Black "Kangas, Mauno"]
[Result "1-0"]
[ECO "B09"]
[WhiteElo "2051"]
[BlackElo "1831"]
[Annotator "NA"]
[PlyCount "64"]
[EventDate "2019.06.10"]
[EventType "swiss"]
[EventCountry "FIN"]
[SourceTitle "playchess.com"]
[Source "ChessBase"]
[SourceQuality "1"]
[TimeControl "40/5400+30:1800+30"]

1. e4 d6 2. d4 Nf6 3. Nc3 g6 4. f4 Bg7 5. Nf3 c6 6. Bd3 b5 7. e5 dxe5 8.
fxe5 Nd5 9. Be4 a6 10. O-O O-O 11. h3 f5 12. Bd3 Be6 13. Ne2 Nb4 14. Nf4 Bd5 15. Be2 Be4 16. Ne1 Qb6 17. c3 Nd5 18. Ne6 Re8 19. Nxg7 Kxg7 20. Kh1 Nd7 21. Bf3 Rf8 22. Qe2 c5 23. Bxe4 fxe4 24. Rxf8 Rxf8 25. Qxe4 Rf1+ 26. Kh2 Qe6 27. Nf3 Kg8 28. Qe2 Rxc1 29. Rxc1 Nf4 30. Qe4 Nh5 31. b3 Ndf6 32. Qa8+ Kg7 1-0

[Event "FIN-ch Seniors 2019"]
[Site "Helsinki"]
[Date "2019.06.12"]
[Round "1.5"]
[White "Gronroos, Matti"]
[Black "Nyrhinen, Harri"]
[Result "1/2-1/2"]
[ECO "B17"]
[WhiteElo "1931"]
[BlackElo "2001"]
[Annotator "NA"]
[PlyCount "45"]
[EventDate "2019.06.10"]
[EventType "swiss"]
[EventCountry "FIN"]
[SourceTitle "playchess.com"]
[Source "ChessBase"]
[SourceQuality "1"]
[TimeControl "40/5400+30:1800+30"]

1. e4 c6 2. d4 d5 3. Nc3 dxe4 4. Nxe4 Nd7 5. Bc4 Ngf6 6. Ng5 e6 7. Qe2 Nb6 8. Bd3 h6 9. N5f3 c5 10. dxc5 Bxc5 11. Ne5 O-O 12. Ngf3 Nbd7 13. Bd2 Qc7 14. O-O-O b6 15. Nxd7 Bxd7 16. Ne5 Bc6 17. Nxc6 Qxc6 18. g4 Qg2 19. f3 Qxe2 20. Bxe2 Nd5 21. Bd3 Rac8 22. Be4 Rfd8 23. Rhe1 1/2-1/2

[Event "FIN-ch Seniors 2019"]
[Site "Helsinki"]
[Date "2019.06.12"]
[Round "1.6"]
[White "Sihvonen, Tero"]
[Black "Koskinen, Veikko"]
[Result "1/2-1/2"]
[ECO "B01"]
[WhiteElo "1983"]
[BlackElo "1866"]
[Annotator "NA"]
[PlyCount "55"]
[EventDate "2019.06.10"]
[EventType "swiss"]
[EventCountry "FIN"]
[SourceTitle "playchess.com"]
[Source "ChessBase"]
[SourceQuality "1"]
[TimeControl "40/5400+30:1800+30"]

1. e4 d5 2. exd5 Qxd5 3. d4 e5 4. dxe5 Qxd1+ 5. Kxd1 Nc6 6. Nf3 Bg4 7. Bf4 O-O-O+ 8.
Nbd2 f6 9. Kc1 Bc5 10. Bd3 Bxf2 11. a3 Nxe5 12. Bxe5 Bxf3 13. Nxf3 fxe5 14. Nxe5 Nh6 15. Rf1 Rdf8 16. Kb1 Bd4 17. Nf3 Bf6 18. Ka2 g6 19. h3 Nf7 20. Rae1 Nd6 21. g4 Re8 22. h4 Kd7 23. g5 Rxe1 24. Rxe1 Bg7 25. Rh1 Rf8 26. Rh3 c5 27. Nd2 b5 28. Rf3 1/2-1/2

[Event "FIN-ch Seniors 2019"]
[Site "Helsinki"]
[Date "2019.06.12"]
[Round "1.7"]
[White "Terasalo, Kari"]
[Black "Ruotanen, Helge"]
[Result "1-0"]
[ECO "B06"]
[WhiteElo "1780"]
[BlackElo "1920"]
[Annotator "NA"]
[PlyCount "93"]
[EventDate "2019.06.10"]
[EventType "swiss"]
[EventCountry "FIN"]
[SourceTitle "playchess.com"]
[Source "ChessBase"]
[SourceQuality "1"]
[TimeControl "40/5400+30:1800+30"]

1. e4 g6 2. Nf3 Bg7 3. c3 d5 4. exd5 Qxd5 5. d4 Nc6 6. Be2 Nh6 7. Bxh6 Bxh6 8. Nbd2 O-O 9. O-O a5 10. Re1 a4 11. Nc4 f6 12. Ncd2 Kg7 13.
Bc4 Qd8 14. Ne4 b6 15. Bb5 Bd7 16. Bxa4 Ra5 17. Bb3 e6 18. Ng3 e5 19. dxe5 fxe5 20. Bd5 Qe7 21. b4 Ra3 22. Bxc6 Bxc6 23. Nxe5 Qf6 24. Ng4 Qf4 25. Re7+ Kh8 26. Qd4+ Qxd4 27. cxd4 Bf4 28. Ne5 Bd5 29. Rxc7 Bd2 30. Nd7 Rf7 31. Rc8+ Kg7 32. Nxb6 Bb7 33. Rd8 Bxb4 34. Rd7 Rxd7 35. Nxd7 Bc3 36. Rb1 Bd5 37. Ne2 Bxa2 38. Rb8 Bd2 39. h3 Bc4 40. Ng3 Ra1+ 41. Kh2 h5 42. Ne5 Bd5 43. Rb6 h4 44. Rxg6+ Kh7 45. Nh5 Bb3 46. d5 Ra8 47. Nf6+ 1-0

[Event "FIN-ch Seniors 2019"]
[Site "Helsinki"]
[Date "2019.06.12"]
[Round "1.8"]
[White "Visti, Heikki"]
[Black "Saharinen, Petri"]
[Result "1-0"]
[ECO "C10"]
[WhiteElo "2000"]
[BlackElo "1719"]
[Annotator "NA"]
[PlyCount "57"]
[EventDate "2019.06.10"]
[EventType "swiss"]
[EventCountry "FIN"]
[SourceTitle "playchess.com"]
[Source "ChessBase"]
[SourceQuality "1"]
[TimeControl "40/5400+30:1800+30"]

1. e4 e6 2. d4 d5 3. Nd2 Nf6 4. Bd3 dxe4 5. Nxe4 Nbd7 6. Nf3 Be7 7. O-O Nxe4 8. Bxe4 Nf6 9. Bd3 a6 10. c4 O-O 11. Bf4 Nd7 12. Rc1 c5 13.
Bb1 cxd4 14. Qxd4 Bf6 15. Qe4 g6 16. Rfd1 Qb6 17. b3 Rd8 18.
Rd6 Qc5 19. Rcd1 Be7 20. R6d2 a5 21. Ne5 f5 22. Qe2 Qc7 23.
Nxg6 e5 24. Nxe7+ Kf7 25. Nd5 Qd6 26. Qh5+ Qg6 27. Qxg6+ hxg6 28. Bg5 Re8 29. Nc7 1-0

[Event "FIN-ch Seniors 2019"]
[Site "Helsinki"]
[Date "2019.06.12"]
[Round "2.1"]
[White "Peltola, Leo"]
[Black "Kivipelto, Kaj"]
[Result "1-0"]
[ECO "B85"]
[WhiteElo "1933"]
[BlackElo "2130"]
[Annotator "NA"]
[PlyCount "40"]
[EventDate "2019.06.10"]
[EventType "swiss"]
[EventCountry "FIN"]
[SourceTitle "playchess.com"]
[Source "ChessBase"]
[SourceQuality "1"]
[TimeControl "40/5400+30:1800+30"]

1. e4 c5 2. Nf3 Nc6 3. d4 cxd4 4. Nxd4 Nf6 5. Nc3 d6 6. Bg5 Bd7 7. Be2 Qb6 8. Nb3 e6 9. O-O a6 10. Be3 Qc7 11. f4 Be7 12. Qe1 b5 13.
a3 O-O 14. Qg3 Rfe8 15. Rad1 b4 16. axb4 Nxb4 17. e5 Nfd5 18. Bd4 f6 19. Nxd5 Nxd5 20. c4 Nb4 1-0

[Event "FIN-ch Seniors 2019"]
[Site "Helsinki"]
[Date "2019.06.12"]
[Round "2.2"]
[White "Hurme, Harri"]
[Black "Auvinen, Esa"]
[Result "1/2-1/2"]
[ECO "D36"]
[WhiteElo "2122"]
[BlackElo "1899"]
[Annotator "NA"]
[PlyCount "119"]
[EventDate "2019.06.10"]
[EventType "swiss"]
[EventCountry "FIN"]
[SourceTitle "playchess.com"]
[Source "ChessBase"]
[SourceQuality "1"]
[TimeControl "40/5400+30:1800+30"]

1. d4 Nf6 2. c4 e6 3. Nc3 d5 4. cxd5 exd5 5. Bg5 c6 6. Qc2 Bg4 7. e3 h6 8. Bh4 g5 9. Bg3 Bh5 10. Bd3 Rg8 11. Nf3 Bg6 12. O-O Bxd3 13.
Qxd3 Bd6 14. e4 dxe4 15. Rae1 Kf8 16. Nxe4 Nxe4 17. Rxe4 Na6 18. Rfe1 Bxg3 19. hxg3 Nc7 20. Qb3 b6 21. Ne5 Qd5 22. Nxf7 Qxb3 23. axb3 Kxf7 24. Re7+ Kf6 25. Rxc7 Rac8 26.
Rxa7 Rcd8 27. Re4 Rd6 28. Rh7 Kg6 29. Rhe7 Kf6 30. Rh7 Kg6 31. Ra7 Rgd8 32. g4 Kf6 33. Rh7 Kg6 34. Rb7 b5 35. d5 cxd5 36. Rd4 Rc8 37. Rxb5 Rc1+ 38. Kh2 Rc2 39. Kg3 Rxb2 40. f3 Kf6 41. Kh3 Ke6 42. f4 gxf4 43. Rxf4 d4 44. Rf1 d3 45. Rd1 d2 46. Kg3 Kf6 47. Kf4 Rd4+ 48. Kf3 Rd3+ 49. Ke4 Rdxb3 50. Rxb3 Rxb3 51. Rxd2 Kg5 52. Rd6 Rg3 53. Rd2 Kxg4 54. Ra2 h5 55. Rf2 h4 56. Rf4+ Kg5 57. Rf5+ Kg4 58. Rf4+ Kg5 59. Rf5+ Kg4 60. Rf4+ 1/2-1/2

[Event "FIN-ch Seniors 2019"]
[Site "Helsinki"]
[Date "2019.06.12"]
[Round "2.3"]
[White "Leukkunen, Raimo"]
[Black "Aakio, Seppo"]
[Result "1/2-1/2"]
[ECO "B07"]
[WhiteElo "1876"]
[BlackElo "2051"]
[Annotator "NA"]
[PlyCount "82"]
[EventDate "2019.06.10"]
[EventType "swiss"]
[EventCountry "FIN"]
[SourceTitle "playchess.com"]
[Source "ChessBase"]
[SourceQuality "1"]
[TimeControl "40/5400+30:1800+30"]

1. e4 d6 2. d4 Nf6 3. Nc3 e5 4. dxe5 dxe5 5. Qxd8+ Kxd8 6. Bg5 Be6 7. O-O-O+ Nbd7 8. Nf3 Bd6 9. Bb5 Kc8 10. Rd2 Nc5 11. Bxf6 gxf6 12. Rhd1 a6 13. Be2 b5 14. a3 Kb7 15. Nh4 Ka7 16. Bf3 Rab8 17. Nf5 Bxf5 18. exf5 e4 19. Rxd6 cxd6 20. Bxe4 b4 21. axb4 Rxb4 22. f3 Rhb8 23. b3 Rc8 24. Kb2 Nxe4 25. Nxe4 Rb6 26. Nxf6 Rbc6 27. c4 Rb6 28. Kc3 Rcb8 29. Rb1 R6b7 30. Nd5 Re8 31. Kd3 Rbb8 32. g4 h6 33. h4 Rb7 34. b4 Rbb8 35. Ra1 Kb7 36. b5 axb5 37. cxb5 Ra8 38. Rc1 Ra3+ 39. Rc3 Rxc3+ 40. Kxc3 Re1 41. Kd4 Rd1+ 1/2-1/2

[Event "FIN-ch Seniors 2019"]
[Site "Helsinki"]
[Date "2019.06.12"]
[Round "2.4"]
[White "Terasalo, Kari"]
[Black "Visti, Heikki"]
[Result "1/2-1/2"]
[ECO "B27"]
[WhiteElo "1780"]
[BlackElo "2000"]
[Annotator "NA"]
[PlyCount "43"]
[EventDate "2019.06.10"]
[EventType "swiss"]
[EventCountry "FIN"]
[SourceTitle "playchess.com"]
[Source "ChessBase"]
[SourceQuality "1"]
[TimeControl "40/5400+30:1800+30"]

1. e4 g6 2. Nf3 Bg7 3. c3 c5 4. Bc4 Nc6 5. O-O e6 6. d4 d5 7. exd5 exd5 8. Re1+ Nge7 9. Bb5 cxd4 10. Nxd4 O-O 11. Bg5 f6 12. Be3 Ne5 13. h3 a6 14. Ba4 Nf5 15. Nxf5 Bxf5 16. Bc5 Rf7 17. Bd4 Qd6 18. Bb3 Rd8 19. Bc2 Bxc2 20. Qxc2 Re7 21. Nd2 Rde8 22. Be3 1/2-1/2

[Event "FIN-ch Seniors 2019"]
[Site "Helsinki"]
[Date "2019.06.12"]
[Round "2.5"]
[White "Nyrhinen, Harri"]
[Black "Sihvonen, Tero"]
[Result "1/2-1/2"]
[ECO "B22"]
[WhiteElo "2001"]
[BlackElo "1983"]
[Annotator "NA"]
[PlyCount "78"]
[EventDate "2019.06.10"]
[EventType "swiss"]
[EventCountry "FIN"]
[SourceTitle "playchess.com"]
[Source "ChessBase"]
[SourceQuality "1"]
[TimeControl "40/5400+30:1800+30"]

1. e4 c5 2. c3 d5 3. exd5 Qxd5 4. d4 e5 5. Be3 Nc6 6. c4 Qd8 7. d5 Nd4 8. Nc3 g6 9. Qd2 Bg7 10. f4 exf4 11. Bxf4 Ne7 12. Bd3 O-O 13. Nge2 Nef5 14. O-O b6 15. Ng3 Nxg3 16. Bxg3 f5 17. Bf4 Re8 18. Rae1 Bd7 19. Rxe8+ Bxe8 20. Re1 Bf7 21. Be5 Qd7 22. Bxg7 Kxg7 23. Ne2 Nxe2+ 24. Rxe2 Re8 25. Rxe8 Bxe8 26.
h3 Qd6 27. Qe3 Bd7 28. Kf2 Qf6 29. Qd2 g5 30. Qc3 Qxc3 31. bxc3 Kf6 32. Kf3 h5 33. g3 Ke5 34. h4 g4+ 35. Ke3 a6 36. Be2 b5 37. cxb5 axb5 38. c4 bxc4 39. Bxc4 Bc8 1/2-1/2

[Event "FIN-ch Seniors 2019"]
[Site "Helsinki"]
[Date "2019.06.12"]
[Round "2.6"]
[White "Koskinen, Veikko"]
[Black "Gronroos, Matti"]
[Result "1-0"]
[ECO "A03"]
[WhiteElo "1866"]
[BlackElo "1931"]
[Annotator "NA"]
[PlyCount "73"]
[EventDate "2019.06.10"]
[EventType "swiss"]
[EventCountry "FIN"]
[SourceTitle "playchess.com"]
[Source "ChessBase"]
[SourceQuality "1"]
[TimeControl "40/5400+30:1800+30"]

1. f4 Nf6 2. Nf3 g6 3. g3 Bg7 4. Bg2 O-O 5. O-O c5 6. d3 d5 7. c3 Nc6 8. Qc2 Qb6 9. Kh1 d4 10. e4 dxe3 11. Bxe3 Nd5 12. Bg1 Nd8 13. Nbd2 Qc7 14. Rae1 e6 15. a3 b6 16. Ne5 Bb7 17. Ne4 Nf6 18. Nc4 Bd5 19. Ne3 Bc6 20. h3 Rc8 21. g4 Nd5 22. Bh2 Nxe3 23.
Rxe3 Bd5 24. f5 Qd7 25. fxg6 hxg6 26. g5 Nb7 27. Qf2 Bxe4 28. Bxe4 Rcd8 29. h4 Nd6 30. Bxd6 Qxd6 31. h5 f5 32. gxf6 Rxf6 33. Qg2 Rxf1+ 34. Qxf1 Rf8 35. Qh3 g5 36. h6 Qf4 37. hxg7 1-0

[Event "FIN-ch Seniors 2019"]
[Site "Helsinki"]
[Date "2019.06.12"]
[Round "2.7"]
[White "Sorri, Kari Juhani"]
[Black "Kangas, Mauno"]
[Result "1/2-1/2"]
[ECO "B07"]
[WhiteElo "2184"]
[BlackElo "1831"]
[Annotator "NA"]
[PlyCount "94"]
[EventDate "2019.06.10"]
[EventType "swiss"]
[EventCountry "FIN"]
[SourceTitle "playchess.com"]
[Source "ChessBase"]
[SourceQuality "1"]
[TimeControl "40/5400+30:1800+30"]

1. e4 d6 2. d4 Nf6 3. Nc3 g6 4. Bg5 Bg7 5. Qd2 c6 6. Bh6 O-O 7. Bxg7 Kxg7 8.
h4 h5 9. O-O-O b5 10. Bd3 Be6 11. d5 Bd7 12. Nce2 c5 13. Nf4 c4 14. Be2 Qb6 15. f3 Na6 16. g4 hxg4 17. h5 Rh8 18. h6+ Kh7 19. fxg4 Nc5 20.
Bf3 Ncxe4 21. Bxe4 Nxe4 22. Qe1 f5 23. Nf3 Rae8 24. Nxg6 Rhg8 25. gxf5 Bxf5 26. Nfh4 Bxg6 27. Nxg6 Nf2 28. Qe6 Rxg6 29. Qf7+ Kh8 30. Qxe8+ Rg8 31. Qxe7 Nxd1 32. Rxd1 Rg1 33.
Qf6+ Kh7 34. Qf5+ Kh8 35. Qf3 Rxd1+ 36. Kxd1 Qd4+ 37. Kc1 b4 38. Qh1 Kh7 39. Kb1 a5 40. a3 bxa3 41. bxa3 c3 42. Ka1 Qc5 43. Qc1 Qxd5 44. Qe1 Qc5 45. Ka2 Qc4+ 46. Ka1 Qc5 47. Ka2 Qc4+ 1/2-1/2

[Event "FIN-ch Seniors 2019"]
[Site "Helsinki"]
[Date "2019.06.12"]
[Round "2.8"]
[White "Ruotanen, Helge"]
[Black "Saharinen, Petri"]
[Result "1-0"]
[ECO "A00"]
[WhiteElo "1920"]
[BlackElo "1719"]
[Annotator "NA"]
[PlyCount "81"]
[EventDate "2019.06.10"]
[EventType "swiss"]
[EventCountry "FIN"]
[SourceTitle "playchess.com"]
[Source "ChessBase"]
[SourceQuality "1"]
[TimeControl "40/5400+30:1800+30"]

1. g3 d5 2. Bg2 Nf6 3. d3 e5 4. Nc3 c6 5. Nf3 Bd6 6. e4 d4 7. Ne2 O-O 8. O-O Bg4 9. h3 Bxf3 10. Bxf3 Nbd7 11. g4 h6 12. Ng3 Nh7 13. Kg2 Be7 14. Rh1 Bg5 15. Nf5 Nc5 16. h4 Bf4 17. Bxf4 exf4 18. Qd2 Ne6 19. Rag1 f6 20. Kf1 Rf7 21. Rh2 Qf8 22. g5 fxg5 23.
hxg5 Nhxg5 24. Bg4 Rf6 25. f3 Rd8 26. Qg2 Rd7 27. Nh4 Qb4 28.
e5 Rff7 29. Bxe6 Nxe6 30. Qg4 Ng5 31. e6 Nxe6 32. Qxe6 Rde7 33. Qg4 Re1+ 34. Kg2 Rxg1+ 35. Kxg1 Re7 36. Rg2 Re1+ 37. Kh2 Qe7 38. Nf5 Qg5 39. Qxg5 hxg5 40. Rxg5 Re2+ 41. Rg2 1-0

[Event "FIN-ch Seniors 2019"]
[Site "Helsinki"]
[Date "2019.06.12"]
[Round "3.1"]
[White "Hurme, Harri"]
[Black "Peltola, Leo"]
[Result "1-0"]
[ECO "E32"]
[WhiteElo "2122"]
[BlackElo "1933"]
[Annotator "NA"]
[PlyCount "85"]
[EventDate "2019.06.10"]
[EventType "swiss"]
[EventCountry "FIN"]
[SourceTitle "playchess.com"]
[Source "ChessBase"]
[SourceQuality "1"]
[TimeControl "40/5400+30:1800+30"]

1. d4 Nf6 2. c4 e6 3. Nc3 Bb4 4. Qc2 O-O 5. Nf3 d6 6. e4 c5 7. dxc5 Bxc5 8. Be2 Nc6 9. O-O a6 10. a3 Nd4 11. Nxd4 Bxd4 12. Bd3 h6 13.
Ne2 Ba7 14. b4 Bd7 15. Bb2 Qe7 16. Rad1 Rfd8 17. e5 dxe5 18. Bxe5 Rac8 19. Qb2 Ng4 20. Bd6 Qh4 21. Bg3 Qf6 22. Qc2 Bc6 23. c5 Bb8 24. h3 Ne5 25.
Be4 Bxe4 26. Qxe4 Nc6 27. Bxb8 Rxb8 28. a4 Rd5 29. Rxd5 exd5 30. Qxd5 Nxb4 31. Qe4 Nc6 32. Rb1 Qg5 33. Qc4 Qe5 34. f4 Qe3+ 35. Kh2 Qd2 36. Qe4 Kf8 37. Ng3 Re8 38. Qh7 Ne7 39. Rxb7 Qxf4 40. Qe4 Qc1 41. Qd4 Rc8 42. Rxe7 Kxe7 43. Nf5+ 1-0

[Event "FIN-ch Seniors 2019"]
[Site "Helsinki"]
[Date "2019.06.12"]
[Round "3.2"]
[White "Aakio, Seppo"]
[Black "Koskinen, Veikko"]
[Result "1-0"]
[ECO "B01"]
[WhiteElo "2051"]
[BlackElo "1866"]
[Annotator "NA"]
[PlyCount "33"]
[EventDate "2019.06.10"]
[EventType "swiss"]
[EventCountry "FIN"]
[SourceTitle "playchess.com"]
[Source "ChessBase"]
[SourceQuality "1"]
[TimeControl "40/5400+30:1800+30"]

1. e4 d5 2. exd5 Qxd5 3. Nc3 Qd6 4. d4 c6 5. Nf3 Nf6 6. g3 Bg4 7. Bg2 e6 8. O-O Qc7 9. h3 Bh5 10. g4 Bg6 11. Ne5 Nbd7 12. Qe2 Bd6 13.
f4 O-O 14. h4 h6 15. Nxg6 fxg6 16. g5 Nh5 17. Qxe6+ 1-0

[Event "FIN-ch Seniors 2019"]
[Site "Helsinki"]
[Date "2019.06.12"]
[Round "3.3"]
[White "Visti, Heikki"]
[Black "Leukkunen, Raimo"]
[Result "1/2-1/2"]
[ECO "C55"]
[WhiteElo "2000"]
[BlackElo "1876"]
[Annotator "NA"]
[PlyCount "100"]
[EventDate "2019.06.10"]
[EventType "swiss"]
[EventCountry "FIN"]
[SourceTitle "playchess.com"]
[Source "ChessBase"]
[SourceQuality "1"]
[TimeControl "40/5400+30:1800+30"]

1. e4 e5 2. Nf3 Nc6 3. Bc4 Nf6 4. d3 Be7 5. O-O O-O 6. a3 d5 7. exd5 Nxd5 8. Re1 Bg4 9. h3 Bh5 10. g4 Bg6 11. Nxe5 Nxe5 12. Rxe5 Nb6 13. Ba2 Bd6 14. Re1 Qh4 15. Kg2 Rae8 16. Nd2 Bc5 17. Re2 h5 18. Nf3 Qf6 19. d4 Rxe2 20. Qxe2 Bxd4 21. c3 Bc5 22. b4 hxg4 23. hxg4 Qe7 24. Qb5 Bd6 25. Qg5 Be4 26. Qxe7 Bxe7 27. Bf4 Bd6 28. Bxd6 cxd6 29. Kg3 Bd5 30. Nd4 Rd8 31. Nf5 Bxa2 32. Rxa2 g6 33. Nd4 a6 34. Re2 Kf8 35. Nc2 Rc8 36. Re3 Nd5 37. Rd3 Rxc3 38. Rxc3 Nxc3 39. Kf4 f6 40. f3 Kf7 41. Ke3 Ke6 42. Kd3 Nb5 43. f4 Nc7 44. Kc4 b6 45. Nd4+ Kd7 46. a4 Ne6 47. Ne2 Nc7 48.
Nd4 d5+ 49. Kd3 Kd6 50. Ke3 f5 1/2-1/2

[Event "FIN-ch Seniors 2019"]
[Site "Helsinki"]
[Date "2019.06.12"]
[Round "3.4"]
[White "Auvinen, Esa"]
[Black "Terasalo, Kari"]
[Result "1-0"]
[ECO "B33"]
[WhiteElo "1899"]
[BlackElo "1780"]
[Annotator "NA"]
[PlyCount "93"]
[EventDate "2019.06.10"]
[EventType "swiss"]
[EventCountry "FIN"]
[SourceTitle "playchess.com"]
[Source "ChessBase"]
[SourceQuality "1"]
[TimeControl "40/5400+30:1800+30"]

1. e4 c5 2. Nf3 Nc6 3. d4 cxd4 4. Nxd4 Nf6 5. Nc3 a6 6. Be2 e5 7. Nb3 Bb4 8. Bf3 O-O 9. O-O Re8 10. Bg5 Bxc3 11. bxc3 d6 12. Qd2 h6 13. Be3 Bg4 14. Qe2 h5 15. Bg5 Bxf3 16. Qxf3 Re6 17. Bxf6 Rxf6 18. Qxh5 Rh6 19. Qg4 Rg6 20. Qe2 Qg5 21. g3 Kh7 22. Rad1 Rh8 23. Nd2 Nd8 24. Nc4 Qh6 25. Qe3 Qh3 26. Qf3 Qh6 27. Qg2 b5 28. Ne3 Qg5 29. Nf5 Qg4 30. Rxd6 Rxd6 31. Nxd6 Qe6 32. Nf5 g6 33. Qh3+ Kg8 34. Nh6+ Kg7 35. Qxe6 Nxe6 36. Ng4 Rd8 37. Ne3 Ng5 38. Rd1 Rxd1+ 39. Nxd1 Nxe4 40. Kf1 f5 41. Ke2 Kf6 42. f3 Nd6 43. Kd3 Ke6 44. h4 Kf6 45. Ne3 Ke6 46. g4 f4 47. Nf1 1-0

[Event "FIN-ch Seniors 2019"]
[Site "Helsinki"]
[Date "2019.06.12"]
[Round "3.5"]
[White "Kivipelto, Kaj"]
[Black "Ruotanen, Helge"]
[Result "1-0"]
[ECO "A01"]
[WhiteElo "2130"]
[BlackElo "1920"]
[Annotator "NA"]
[PlyCount "45"]
[EventDate "2019.06.10"]
[EventType "swiss"]
[EventCountry "FIN"]
[SourceTitle "playchess.com"]
[Source "ChessBase"]
[SourceQuality "1"]
[TimeControl "40/5400+30:1800+30"]

1. b3 e5 2. Bb2 Nc6 3. c4 a5 4. Nc3 Nf6 5. Nf3 Bc5 6. e3 O-O 7. d3 d5 8. cxd5 Nxd5 9. a3 Bg4 10. Nxd5 Qxd5 11. Be2 Rad8 12. Qc2 Rfe8 13. Rc1 Bb6 14. O-O Re6 15. Qc4 Bxf3 16. gxf3 Qd6 17. Kh1 Nd4 18. Bd1 Rh6 19. Rg1 e4 20. Rg2 exf3 21. Bxf3 Nxf3 22. Rxg7+ Kh8 23. Rg6+ 1-0

[Event "FIN-ch Seniors 2019"]
[Site "Helsinki"]
[Date "2019.06.12"]
[Round "3.6"]
[White "Patola, Eero"]
[Black "Nyrhinen, Harri"]
[Result "0-1"]
[ECO "A90"]
[WhiteElo "1853"]
[BlackElo "2001"]
[Annotator "NA"]
[PlyCount "76"]
[EventDate "2019.06.10"]
[EventType "swiss"]
[EventCountry "FIN"]
[SourceTitle "playchess.com"]
[Source "ChessBase"]
[SourceQuality "1"]
[TimeControl "40/5400+30:1800+30"]

1. c4 f5 2. d4 Nf6 3. Nc3 e6 4. g3 d5 5. cxd5 exd5 6. Bg2 c6 7. Nf3 Bd6 8. Qc2 Ne4 9. Nd2 O-O 10. Ndxe4 fxe4 11. Be3 Nd7 12. h4 Nf6 13. Kd2 Ng4 14. Raf1 Qc7 15. Nd1 Qa5+ 16. Nc3 Bd7 17. Bh3 Nxe3 18. Kxe3 Bxh3 19. Rxh3 Rac8 20. Qa4 Qb6 21. Qb3 Qc7 22. Nd1 a5 23. Kd2 Bb4+ 24. Kc2 Qd7 25. Rh2 c5 26. Kb1 cxd4 27. e3 Bd2 28. a4 Rc1+ 29. Ka2 Rc4 30.
exd4 Rxa4+ 31. Kb1 Rc8 32. Ne3 Bxe3 33. fxe3 Rb4 34. Qa2 Qb5 35. Rc1 Rxc1+ 36. Kxc1 Ra4 37. Qb1 Qf1+ 38. Kc2 Rc4+ 0-1

[Event "FIN-ch Seniors 2019"]
[Site "Helsinki"]
[Date "2019.06.12"]
[Round "3.7"]
[White "Sihvonen, Tero"]
[Black "Lyly, Seppo"]
[Result "1-0"]
[ECO "C56"]
[WhiteElo "1983"]
[BlackElo "1907"]
[Annotator "NA"]
[PlyCount "35"]
[EventDate "2019.06.10"]
[EventType "swiss"]
[EventCountry "FIN"]
[SourceTitle "playchess.com"]
[Source "ChessBase"]
[SourceQuality "1"]
[TimeControl "40/5400+30:1800+30"]

1. e4 e5 2. d4 exd4 3. Bc4 Nc6 4. Nf3 Nf6 5. e5 d5 6. Bb5 Ne4 7. Nxd4 Bd7 8. Bxc6 bxc6 9. O-O Be7 10. Nd2 Nxd2 11. Bxd2 O-O 12. f4 c5 13. Ne2 f6 14. Ba5 fxe5 15. Qxd5+ Kh8 16. fxe5 Qc8 17. Rxf8+ Bxf8 18. Nf4 1-0

[Event "FIN-ch Seniors 2019"]
[Site "Helsinki"]
[Date "2019.06.12"]
[Round "3.8"]
[White "Gronroos, Matti"]
[Black "Sorri, Kari Juhani"]
[Result "1/2-1/2"]
[ECO "C66"]
[WhiteElo "1931"]
[BlackElo "2184"]
[Annotator "NA"]
[PlyCount "132"]
[EventDate "2019.06.10"]
[EventType "swiss"]
[EventCountry "FIN"]
[SourceTitle "playchess.com"]
[Source "ChessBase"]
[SourceQuality "1"]
[TimeControl "40/5400+30:1800+30"]

1. e4 e5 2. Nf3 Nc6 3. Nc3 d6 4. Bb5 Be7 5. d4 exd4 6. Nxd4 Bd7 7. Bxc6 bxc6 8. O-O Nf6 9. Qf3 O-O 10. Nf5 Bxf5 11. Qxf5 Rb8 12. b3 Qd7 13. Qa5 d5 14. Bb2 dxe4 15. Qxa7 Bd6 16. Qa5 Ng4 17. h3 Nh2 18. Rfd1 Nf3+ 19. gxf3 Qxh3 20. Rxd6 cxd6 21. Qg5 h6 22. Qg3 Qxg3+ 23. fxg3 exf3 24. Kf2 Rfe8 25. Kxf3 d5 26. Rd1 g5 27. a4 Re6 28. Rd2 Kh7 29. Re2 d4 30. Nd1 d3 31. cxd3 Rxe2 32. Kxe2 Rxb3 33. a5 Rb8 34. Bd4 Rb4 35. Bb6 Ra4 36. Nc3 Ra3 37. Ne4 f5 38.
Nd6 Kg6 39. Nc4 Ra2+ 40. Ke3 h5 41. Ne5+ Kf6 42. Nxc6 f4+ 43.
gxf4 g4 44. Bd8+ Ke6 45. Bh4 Kd6 46. Ne5 Kd5 47. Nc4 Ra1 48.
Kf2 Ke6 49. Bd8 Kf5 50. Bg5 Ra2+ 51. Kg3 Ra1 52. Be7 Ke6 53. Ba3 Kd7 54. f5 Rf1 55. Ne5+ Kc7 56. Nxg4 Rg1+ 57. Kh4 hxg4 58. f6 g3 59. Kh3 g2 60. f7 Rf1 61. Kxg2 Rxf7 62. d4 Kc6 63. Bc5 Kb5 64. Bb6 Rf4 65. Kg3 Rxd4 66. Bxd4 Kxa5 1/2-1/2